 Dungeon Crawl Stone Soup version 0.30-a0-1053-gbd8d5ba0ad (webtiles) character file.

Game seed: 7749574061956656105

216 LustLizard the Firebug (level 5, -1/42 HPs)
             Began as a Hill Orc Fire Elementalist on Apr 11, 2023.
             Was a Follower of Beogh.
             Slain by a wraith (10 damage)
             ... in an ossuary.
             The game lasted 00:09:56 (3449 turns).

LustLizard the Firebug (Hill Orc Fire Elementalist) Turns: 3449, Time: 00:09:57

Health: -1/42      AC:  3    Str: 13    XL:     5   Next: 93%
Magic:  1/8        EV: 11    Int: 15    God:    Beogh [*.....]
Gold:   287        SH:  0    Dex: 11    Spells: 2/8 levels left

rFire   . . .      SeeInvis .    j - +0 whip (venom)
rCold   . . .      Faith    .    (no shield)
rNeg    . . .      Spirit   .    e - +0 leather armour
rPois   +          Reflect  .    (no helmet)
rElec   .          Rampage  .    (no cloak)
rCorr   .                        (no gloves)
Will    .....                    (no boots)
Stlth   +                        (no amulet)
HPRegen 0.27/turn                l - ring of poison resistance
MPRegen 0.11/turn                (no ring)

@: about to teleport, very slightly contaminated, slowed, very slow
A: no striking features
a: Renounce Religion


You were in an ossuary.
You worshipped Beogh.
Beogh was aware of your devotion.
You visited 1 branch of the dungeon, and saw 4 of its levels.
You also visited: Ossuary.

You collected 287 gold pieces.

Inventory:

Hand Weapons
 j - a +0 whip of venom (weapon)
 u - a +0 war axe
Missiles
 s - 3 throwing nets
 y - 4 poisoned darts
Armour
 a - a +0 robe
 e - a +0 leather armour (worn)
Jewellery
 l - a ring of poison resistance (left hand)
Scrolls
 c - 2 scrolls of identify
 g - a scroll of butterflies {unknown}
 h - a scroll of vulnerability {unknown}
 i - 2 scrolls of teleportation
 m - 2 scrolls of enchant armour {unknown}
 o - a scroll of silence {unknown}
 p - a scroll of noise {unknown}
 t - a scroll of blinking {unknown}
 v - a scroll of poison {unknown}
 A - a scroll of amnesia {unknown}
 B - a scroll of brand weapon {unknown}
 C - a scroll of magic mapping {unknown}
Potions
 b - 4 potions of magic
 d - a potion of might {unknown}
 f - a potion of lignification {unknown}
 k - a potion of degeneration {unknown}
 n - a potion of ambrosia {unknown}
 q - 2 potions of curing
 r - a potion of resistance {unknown}
 w - a potion of brilliance {unknown}
 x - a potion of mutation {unknown}
 z - a potion of haste {unknown}


   Skills:
 + Level 2.3 Fighting
 + Level 0.6 Axes
 - Level 1.5 Dodging
 - Level 1.5 Stealth
 + Level 2.3 Spellcasting
 * Level 3.0 Conjurations
 + Level 1.1 Hexes
 * Level 4.6 Fire Magic


You had 2 spell levels left.
You knew the following spells:

 Your Spells              Type           Power      Damage    Failure   Level
a - Foxfire               Conj/Fire      52%        2x1d6     5%          1
b - Scorch                Fire           30%        2d6       6%          2
c - Inner Flame           Hex/Fire       10%        N/A       24%         3

Your spell library contained the following spells:

 Spells                   Type           Power      Damage    Failure   Level
 Freeze                   Ice            4%         1d3       28%         1
 Volatile Blastmotes      Fire/Tloc      16%        2d11      32%         3
 Hailstorm                Conj/Ice       6%         3d4       41%         3
 Flame Wave               Conj/Fire      13%        2d6       50%         4
 Frozen Ramparts          Ice            2%         1d1       63%         3


Dungeon Overview and Level Annotations

Branches:
Dungeon (4/15)            Ossuary (1/1)
 Temple: D:4-7

Altars:
Uskayaw


Message History

You miscast Foxfire.
You are very lightly contaminated with residual magic.
Nothing appears to happen.
The wraith hits you! The wraith drains your vigour!
You feel yourself slow down.
You conjure some foxfire!
The wraith is no longer more vulnerable to fire.
The wraith hits you. x2
You conjure some foxfire!
The foxfire hits the wraith.
The wraith is moderately damaged.
The foxfire hits the wraith.
The wraith is moderately damaged.
The wraith hits you! The wraith drains your vigour!
You feel as though you will be slow longer.
You are too injured to fight recklessly!
Unknown command.
Casting: Foxfire (safe; 5% risk of failure)
Confirm with . or Enter, or press ? or * to list all spells.
Flames lash the wraith.
The wraith is heavily damaged.
The wraith's fire resistance burns away.
The foxfire hits the wraith but does no damage.
The wraith is heavily damaged.
The foxfire hits the wraith but does no damage.
The wraith is heavily damaged.
The wraith hits you.
* * * LOW HITPOINT WARNING * * *
The wraith drains your vigour!
You feel as though you will be slow longer.
The wraith hits you.
* * * LOW HITPOINT WARNING * * *
The wraith drains your vigour!
You feel as though you will be slow longer.
Okay, then.
Casting: Scorch (safe; 6% risk of failure)
Confirm with . or Enter, or press ? or * to list all spells.
You don't have enough magic to cast this spell.
Unknown command.
As you read the scroll of teleportation, it crumbles to dust.
You feel strangely unstable. The wraith hits you!
You die...

## .. .## ..#####
..##
.##...##...## .
##.....##...# ..
#.!?!!?.'...+
...##.???.##W..#
#...##...##.@.#
#...#####..ยง## .
#.........##...
..#####'#####....
.................
.................
######'''########
#...#### +...'..#


You could see a wraith (combustible).

Vanquished Creatures
  An orc priest (D:4)
  Jessica (D:3)
  A mummy (Ossuary)
  4 gnolls (D:2)
  3 adders (D:2)
  2 worms
  A dart slug (D:1)
  7 orcs
  4 endoplasms
  A giant cockroach (D:2)
  6 goblins
  8 hobgoblins
  3 quokkas
  2 ball pythons
  8 bats
  3 frilled lizards
  2 gnoll skeletons (Ossuary)
  4 kobolds
  2 kobold skeletons (Ossuary)
  5 orc skeletons (Ossuary)
  7 rats
75 creatures vanquished.

Vanquished Creatures (others)
  An orc (D:3)
  A giant cockroach (D:3)
  A goblin (D:3)
  A bat (D:3)
  2 frilled lizards (D:3)
  213 foxfires
  2 plants (D:1)
221 creatures vanquished.

Grand Total: 296 creatures vanquished

Notes
Turn   | Place    | Note
-------+----------+-------------------------------------------
     0 | D:1      | LustLizard the Hill Orc Fire Elementalist began the quest
                  | for the Orb.
     0 | D:1      | Reached XP level 1. HP: 14/14 MP: 3/3
    50 | D:1      | Reached XP level 2. HP: 22/22 MP: 1/4
   520 | D:1      | Reached skill level 1 in Fighting
   891 | D:1      | Reached XP level 3. HP: 28/28 MP: 1/5
  1146 | D:2      | Learned a level 2 spell: Scorch
  1490 | D:2      | Reached skill level 4 in Fire Magic
  1490 | D:2      | Reached XP level 4. HP: 31/35 MP: 0/7
  1495 | D:2      | Learned a level 3 spell: Inner Flame
  2118 | D:2      | Found a hide-covered altar of Uskayaw.
  2285 | D:3      | Noticed Jessica
  2292 | D:3      | Reached XP level 5. HP: 33/39 MP: 1/8
  2296 | D:3      | Became a worshipper of Beogh the Brigand
  2302 | D:3      | Killed Jessica
  2916 | D:4      | Found a hide-covered altar of Uskayaw.
  3050 | D:4      | Reached skill level 1 in Hexes
  3114 | D:4      | Found a sand-covered staircase.
  3289 | Ossuary  | Entered an ossuary
  3289 | Ossuary  | Noticed a wraith
  3289 | Ossuary  | Noticed a wraith
  3289 | Ossuary  | Noticed a wraith
  3308 | Ossuary  | Reached * piety under Beogh
  3438 | Ossuary  | Noticed a wraith
  3449 | Ossuary  | Slain by a wraith

Illustrated notes

Levels and vault maps discovered:
D:1:      eino_arrival_druids_welcome, layout_loops_ring,
          corexii_hall_statues_deadend, minmay_misc_feat_rows,
          kennysheep_doodads
D:2:      layout_basic, basic_altar
D:3:      layout_basic, uniq_jessica
D:4:      layout_basic, kennysheep_mini_moat, lemuel_round_altar,
          nicolae_ossuary_entry_ruins
Ossuary:  ossuary_due_mausoleum

Skill      XL: |  1  2  3  4  5 |
---------------+----------------+-----
Fighting       | 1 2 |  2.3
Conjurations   | 2 3 |  3.0
Spellcasting   | 2 |  2.3
Fire Magic     | 4 |  4.6
Hexes          | 1 |  1.1
Axes           | |  0.6
Dodging        | |  1.5
Stealth        | |  1.5

Action                     |  1- 3 |  4- 6 || total
---------------------------+-------+-------++-------
  Melee: Dagger            |    11 |       ||    11
         Whip              |    12 |    56 ||    68
         Club              |     1 |       ||     1
   Cast: Foxfire           |    49 |    75 ||   124
         Scorch            |       |     5 ||     5
 Invoke: Convert to Beogh  |       |     1 ||     1
    Use: Scroll            |     1 |     3 ||     4
 Armour: Robe              |    15 |     1 ||    16
         Leather armour    |       |    12 ||    12
  Dodge: Dodged            |    31 |    46 ||    77

Table legend: (Time is in decaauts)
 A = Elapsed time spent in this place.
 B = Non-inter-level travel time spent in this place.
 C = Inter-level travel time spent in this place.
 D = Time resting spent in this place.
 E = Time spent auto-exploring this place.
 F = Levels seen in this place.
 G = Mean time per level.
                   A        B        C        D        E       F      G
               +--------+--------+--------+--------+--------+-----+--------+
         Total |   3456 |   3289 |    167 |     98 |   2394 |   5 |  691.2 |
       Dungeon |   3292 |   3125 |    167 |     98 |   2295 |   4 |  823.0 |
       Ossuary |    164 |    164 |      0 |      0 |     99 |   1 |  164.0 |
               +--------+--------+--------+--------+--------+-----+--------+

Top non-repeatable levels by time:
     D:2: 1153 daAuts
     D:1: 1133 daAuts
     D:3: 612 daAuts
     D:4: 393 daAuts
 Ossuary: 164 daAuts
